 Dungeon Crawl Stone Soup version 0.31.0-32-g396128a36d (webtiles) character file.

Game seed: 3736250031891552119

2822 Curundu the Cleaver (level 9, -5/80 HPs)
             Began as a Minotaur Berserker on Mar 16, 2024.
             Was a Priest of Trog.
             Slain by a spriggan
             ... wielding a +0 spear
              (8 damage)
             ... in a bailey.
             The game lasted 00:13:52 (4028 turns).

Curundu the Cleaver (Minotaur Berserker)            Turns: 4028, Time: 00:13:52

Health: -5/80      AC: 24    Str: 27    XL:     9   Next: 45%
Magic:  8/8        EV: 10    Int:  6    God:    Trog [***...]
Gold:   157        SH:  0    Dex:  9    Spells: 8/8 levels left

rFire   + . .        d - +0 war axe
rCold   . . .        (no shield)
rNeg    + + .        q - +11 chain mail "Efamih" {rF+ rN++ Int+2}
rPois   .            (helmet restricted)
rElec   .            p - +0 cloak
rCorr   .            h - +0 pair of gloves
SInv    .            (no boots)
Will    .....        (no amulet) Stlth
                     (no ring)
HPRegen 0.33/turn    (no ring)
MPRegen 0.11/turn

%: no passive effects
@: mighty, on berserk cooldown, slowed, very slow
A: horns 2, retaliatory headbutt
a: Renounce Religion, Berserk, Trog's Hand


You were in a bailey.
You worshipped Trog.
Trog was most pleased with you.
You visited 1 branch of the dungeon, and saw 7 of its levels.
You also visited: Bailey.

You collected 157 gold pieces.

Inventory:

Hand Weapons
 d - a +0 war axe (weapon)
Armour
 h - a +0 pair of gloves (worn)
 p - a +0 cloak (worn)
 q - the +11 chain mail "Efamih" (worn) {rF+ rN++ Int+2}
   (You found it on level 4 of the Dungeon)

   Int+2:     It affects your intelligence (+2).
   rF+:       It protects you from fire.
   rN++:      It greatly protects you from negative energy.
Jewellery
 m - a ring of resist corrosion
Wands
 e - a wand of quicksilver (7)
 i - a wand of polymorph (8)
Scrolls
 a - a scroll of fog {unknown}
 b - a scroll of poison {unknown}
 g - a scroll of immolation {unknown}
 l - 2 scrolls of blinking {unknown}
 n - a scroll of summoning {unknown}
 r - a scroll of brand weapon {unknown}
Potions
 c - a potion of lignification {unknown}
 f - 4 potions of haste
 j - a potion of heal wounds
 k - a potion of curing {unknown}
 o - a potion of might


   Skills:
 + Level 7.7 Fighting
 + Level 12.0 Axes
 + Level 7.3 Armour
 + Level 4.1 Dodging
 + Level 1.2 Stealth


You had 8 spell levels left.
You didn't know any spells.
Your spell library was empty.

Dungeon Overview and Level Annotations

Branches:
Dungeon (8/15)             Temple (0/1) D:7          Bailey (1/1)
   Lair: D:8-11

Altars:
Cheibriados
Elyvilon
Qazlal


Innate Abilities, Weirdness & Mutations

You have a pair of horns on your head.
You reflexively headbutt those who attack you in melee.


Message History

* * * LOW HITPOINT WARNING * * *
The ogre closely misses you.
The spriggan moves out of view.
You feel much better. The ogre barely misses you.
The ogre hits you but does no damage.
You feel very mighty all of a sudden. The ogre hits you with a +0 glaive!!
The ogre hits you from afar with a +0 glaive!
* * * LOW HITPOINT WARNING * * *
The ogre hits you from afar with a +0 glaive!
* * * LOW HITPOINT WARNING * * *
You slice the ogre!!
You kill the ogre!
Trog accepts your kill. The ogre misses you.
The ogre hits you but does no damage. The ogre completely misses you.
The ogre hits you with a +0 glaive.
* * * LOW HITPOINT WARNING * * *
You see here a +0 glaive.
You slash the ogre!
The ogre is moderately wounded.
You slash the ogre! The ogre barely misses you. You furiously retaliate!
You headbutt the ogre!!
You kill the ogre!
Trog accepts your kill. The ogre misses you. You furiously retaliate!
You headbutt the ogre! You slash the ogre!
You kill the ogre!
Trog accepts your kill.
Your Axes skill increases to level 12!
You start resting.
A spriggan is nearby!
A spriggan is nearby!
The spriggan shouts!
You hear a shout!
You hear a roar!
The spriggan shouts!
The spriggan splashes around in the water.
The spriggan hits you with a +0 spear.
* * * LOW HITPOINT WARNING * * *
You closely miss the spriggan.
The spriggan hits you but does no damage.
The spriggan hits you from afar with a +0 spear!
You die...

#########
##.......##
##....).)).##
##....~~i@.))#
##..####i##♣#).#
##..## .....
#..#
#..##..♣♣♣♣♣..
#..# #.)♣.. ..
..# #..#. . .#
#..♣ # #..♣ #..#


You could see 2 spriggans.

Vanquished Creatures
  A two-headed ogre (Bailey)
  2 spriggans (Bailey)
  A steam dragon (D:7)
  Menkaure (D:4)
  7 ogres (Bailey)
  8 scorpions
  6 killer bees (D:7)
  A howler monkey (D:4)
  A jelly (D:5)
  2 hounds (D:5)
  A gnoll bouda (D:3)
  Crazy Yiuf (D:4)
  4 gnolls (D:3)
  8 adders
  A white imp (D:5)
  2 ufetubi (D:5)
  4 dart slugs
  A ribbon worm (D:4)
  5 orcs
  7 endoplasms
  6 goblins
  8 hobgoblins
  6 kobolds
  5 quokkas
  4 ball pythons
  11 bats
  A frilled lizard (D:1)
  4 rats
109 creatures vanquished.

Notes
Turn   | Place    | Note
-------+----------+-------------------------------------------
     0 | D:1      | Curundu the Minotaur Berserker began the quest for the Orb.
     0 | D:1      | Reached XP level 1. HP: 19/19 MP: 0/0
   398 | D:1      | Reached skill level 4 in Axes
   445 | D:1      | Reached XP level 2. HP: 27/27 MP: 1/1
   913 | D:2      | Reached ** piety under Trog
   999 | D:2      | Reached XP level 3. HP: 21/34 MP: 2/2
  1453 | D:2      | Found a faded altar of an unknown god.
  1453 | D:2      | Noticed a balrug
  1625 | D:3      | Found a stormy altar of Qazlal.
  1646 | D:3      | Found a white marble altar of Elyvilon.
  1753 | D:3      | Reached XP level 4. HP: 39/41 MP: 3/3
  1975 | D:3      | Reached skill level 5 in Fighting
  1975 | D:3      | Reached skill level 5 in Axes
  1984 | D:3      | Reached XP level 5. HP: 48/48 MP: 4/4
  2421 | D:4      | Found a runed translucent door.
  2422 | D:4      | Noticed Crazy Yiuf
  2429 | D:4      | Killed Crazy Yiuf
  2517 | D:4      | Reached skill level 6 in Axes
  2669 | D:4      | Found a snail-covered altar of Cheibriados.
  2674 | D:4      | Noticed Menkaure
  2680 | D:4      | Killed Menkaure
  2681 | D:4      | Reached XP level 6. HP: 54/56 MP: 5/5
  2973 | D:4      | Reached skill level 7 in Axes
  2980 | D:4      | Reached XP level 7. HP: 26/61 MP: 6/6
  2998 | D:4      | Reached *** piety under Trog
  2999 | D:4      | Reached skill level 8 in Axes
  3156 | D:4      | Identified the +11 chain mail "Efamih" {rF+ rN++ Int+2}
  3267 | D:5      | Entered Level 5 of the Dungeon
  3311 | D:5      | Reached skill level 5 in Armour
  3463 | D:5      | You fall into a shaft and drop 3 floors!
  3507 | D:7      | Noticed a steam dragon
  3522 | D:7      | Killed a steam dragon
  3523 | D:7      | Reached skill level 9 in Axes
  3523 | D:7      | Reached XP level 8. HP: 55/70 MP: 7/7
  3607 | D:7      | Found a staircase to the Ecumenical Temple.
  3762 | D:7      | Found a flagged portal.
  3780 | Bailey   | Entered a bailey
  3802 | Bailey   | Reached skill level 10 in Axes
  3813 | Bailey   | Reached skill level 1 in Stealth
  3923 | Bailey   | Noticed a two-headed ogre
  3933 | Bailey   | Killed a two-headed ogre
  3934 | Bailey   | Reached skill level 11 in Axes
  3934 | Bailey   | Reached XP level 9. HP: 79/79 MP: 8/8
  4024 | Bailey   | Reached skill level 12 in Axes
  4027 | Bailey   | HP: 3/80 [spriggan/+0 spear (4)]
  4028 | Bailey   | Slain by a spriggan

Illustrated notes

Levels and vault maps discovered:
D:1:      minmay_arrival_open_corners, layout_loops_corners
D:2:      layout_rooms, dreamdust_ecumenical_altar_sealed_demon
D:3:      layout_loops_ring, nicolae_overflow_hidden_temple,
          grunt_qazlal_sundering
D:4:      old_forge, layout_rooms, mainiacjoe_overflow_paths, uniq_menkaure,
          uniq_crazy_yiuf_cottage
D:5:      layout_rooms, minmay_crystal_room, minmay_manual_mandibuliform
D:7:      layout_basic, kennysheep_okawaru_gauntlet,
          minmay_temple_entry_stoned_glass, enter_bailey_3
D:8:      minmay_tri_box, layout_basic
Bailey:   bailey_polearm_enchanted_keep_hellmonk, bailey

Skill      XL: |  1  2  3  4  5  6  7  8  9 |
---------------+----------------------------+-----
Axes           | 4 5 6 7 9 11 12 | 12.0
Fighting       | 4 5 6 7 |  7.7
Armour         | 3 4 5 6 7 |  7.3
Dodging        | 3 4 |  4.1
Stealth        | 1 |  1.2

Action                     |  1- 3 |  4- 6 |  7- 9 || total
---------------------------+-------+-------+-------++-------
  Melee: War axe           |    85 |    78 |   124 ||   287
         Hand axe          |     2 |       |       ||     2
         Headbutt          |    12 |    15 |    12 ||    39
         Punch             |     1 |       |     1 ||     2
 Invoke: Berserk           |       |     2 |     3 ||     5
         Trog's Hand       |       |     2 |       ||     2
    Use: Scroll            |       |       |     4 ||     4
         Potion            |       |       |     3 ||     3
 Armour: Animal skin       |    47 |       |       ||    47
         Scale mail        |       |    23 |       ||    23
         Plate armour      |       |    44 |    30 ||    74
         Chain mail        |       |       |   132 ||   132
  Dodge: Dodged            |    56 |    43 |    82 ||   181
